Map: Ulrena

Players

Thomas - Winner!

  • Race: Terran Terran
  • League: Silver

Shadowknight

  • Race: Zerg Zerg
  • League: Bronze

VOD

Have the link to the VOD?

Description

Time

  • Played on: Jan. 23, 2016, 9:09 p.m.
  • Length: 8:56
Show
View Real Time Build Order
Export as new Build Order

Thomas Terran - Winner!

Build Orders: 1/1/1 

Get SALT Encoding   

  12  0:02  SCV  
  13  0:16  Refinery  
  13  0:20  Supply Depot  
  13  0:24  SCV  
  14  0:37  SCV  
  15  0:46  Barracks  
  15  0:51  SCV  
  16  1:09  SCV  
  17  1:21  SCV  
  18  1:34  Factory  
  18  1:37  Supply Depot  
  18  1:45  Barracks Reactor  
  18  1:54  SCV  
  19  2:12  Command Center  
  19  2:23  Starport  
  19  2:26  Factory Tech Lab  
  19  2:31  Marine  
  19  2:35  Marine  
  21  2:53  Marine x2  
  23  3:05  Barracks  
  23  3:11  Marine x2  
  23  3:12  Medivac  
  27  3:18  Refinery  
  27  3:29  SCV x2  
  27  3:32  Marine  
  30  3:40  Marine  
  31  3:46  Orbital Command  
  31  3:49  Marine  
  32  3:58  Marine  
  33  4:11  Marine  
  33  4:16  Barracks Tech Lab, Marine  
  35  4:29  Marine  
  36  4:33  Medivac  
  36  4:34  Siege Tank, Marine  
  42  4:47  Marine  
  41  4:54  Marine  
  42  5:02  Bunker  
  42  5:05  Marine  
  43  5:09  Stimpack  
  43  5:12  Marine  
  44  5:17  Marauder  
  46  5:29  SCV x2, Marine x2  
  46  5:31  Supply Depot  
  50  5:41  Marauder  
  52  5:47  Marine x2  
  54  5:54  SCV x2, Supply Depot  
  59  5:57  Siege Tank  
  59  6:05  Marine x2  
  59  6:06  SCV  
  62  6:15  SCV  
  62  6:17  Supply Depot  
  63  6:23  Marine x2  
  65  6:30  Widow Mine  
  67  6:37  Marauder  
  69  6:40  Supply Depot  
  69  6:41  Engineering Bay  
  69  6:42  Armory  
  69  6:46  Marine  
  69  6:47  Marine  
  71  7:04  Marine x2  
  73  7:16  Marauder  
  73  7:17  Siege Tank  
  73  7:21  Marine  
  73  7:22  Marine  
  80  7:51  Marine x2  
  79  7:52  Marauder  
  80  8:14  Marauder  
  82  8:20  Marine x2  
Show
View Real Time Build Order
Export as new Build Order

Shadowknight Zerg 

Build Orders: Hatch First 

Get SALT Encoding   

  12  0:00  Drone  
  13  0:08  Drone  
  14  0:17  Overlord  
  14  0:36  Drone  
  14  0:37  Drone x2  
  17  0:58  Hatchery  
  16  1:11  Drone, Spawning Pool  
  16  1:25  Extractor  
  15  1:26  Drone x3  
  18  1:38  Overlord  
  18  1:56  Drone  
  18  1:58  Queen  
  21  2:08  Roach Warren  
  20  2:11  Drone x2  
  20  2:15  Extractor  
  21  2:20  Drone  
  21  2:22  Drone  
  23  2:24  Queen  
  23  2:28  Overlord  
  25  2:34  Drone  
  26  2:43  Drone  
  27  2:49  Queen  
  29  2:53  Metabolic Boost  
  29  2:57  Drone  
  29  2:58  Drone x2  
  32  3:13  Roach x3  
  38  3:26  Drone  
  39  3:34  Drone x2  
  39  3:35  Drone x3  
  39  3:37  Overlord  
  39  3:40  Overlord  
  44  3:55  Queen  
  46  4:09  Drone  
  47  4:10  Drone x4  
  51  4:21  Zergling x8  
  51  4:22  Hatchery, Zergling x2  
  55  4:43  Roach x2  
  56  4:58  Queen  
  58  5:01  Drone  
  58  5:06  Extractor  
  58  5:08  Extractor  
  58  5:09  Lair  
  58  5:12  Zergling x2  
  58  5:13  Zergling x2  
  59  5:16  Overlord x4  
  59  5:33  Drone x3  
  59  5:34  Drone  
  63  5:51  Drone x2  
  63  5:52  Queen  
  67  6:15  Roach x3  
  67  6:16  Roach  
  75  6:23  Evolution Chamber  
  74  6:26  Evolution Chamber  
  74  6:30  Hydralisk Den  
  74  6:32  Drone x3  
  75  6:34  Drone x2  
  75  6:35  Drone  
  78  6:42  Overlord x3  
  78  6:47  Drone x3  
  81  7:24  Drone x4  
  81  7:25  Drone  
  78  7:37  Roach x4  
  78  7:38  Roach  
  84  7:50  Zergling x12  
  77  8:05  Zergling x2  
  35  8:23  Roach x4  
Tags
 
Add a new tag
Caveats
  • Supply blocks, unpowered buildings, or Contaminate may cause inaccurate times.
  • Supply counts are checked every 10 seconds.